 Dungeon Crawl Stone Soup version 0.22-a0-185-ge330310 (webtiles) character file.

518 Amnesiac the Magician (level 7, -2/46 HPs)
             Began as a Mummy Earth Elementalist on Feb 15, 2018.
             Was a Follower of Ashenzari.
             Slain by a centaur skeleton (3 damage)
             ... on level 6 of the Dungeon.
             The game lasted 00:15:42 (6506 turns).

Amnesiac the Magician (Mummy Earth Elementalist)    Turns: 6506, Time: 00:15:43

Health: -2/46      AC:  3    Str: 11    XL:     7   Next: 1%
Magic:  5/14       EV: 12    Int: 16    God:    Ashenzari [*.....]
Gold:   195        SH:  0    Dex:  9    Spells: 2/16 levels left

rFire    x . .     SeeInvis .   s - -3 dagger (curse)
rCold    + . .     Gourm    .   (no shield)
rNeg     + + +     Faith    .   c - +0 robe
rPois    ∞         Spirit   .   (no helmet)
rElec    .         Reflect  .   (no cloak)
rCorr    .         Harm     .   g - +0 pair of gloves
MR       .....     Rnd*Tele +   (no boots)
Stlth    ++........             (no amulet)
HPRegen  0.15/turn              i - ring of teleportation (curse)
MPRegen  0.14/turn              o - -4 ring of dexterity (curse)

@: no status effects
A: no food or potions, fire vulnerability, cold resistance 1, negative energy
resistance 3, torment resistance, unbreathing
a: Curse Item, Scrying, Renounce Religion


You were on level 6 of the Dungeon.
You worshipped Ashenzari.
Ashenzari was aware of your devotion.
You were not hungry.

You visited 1 branch of the dungeon, and saw 6 of its levels.

You collected 195 gold pieces.

Inventory:

Hand Weapons
 s - a cursed -3 dagger (weapon)
 v - the +7 rapier of Risk Management {flame, +Inv}
   (You found it on level 5 of the Dungeon)

   It has been specially enchanted to burn those struck by it, causing extra
   injury to most foes and up to half again as much damage against particularly
   susceptible opponents.
   It lets you turn invisible.
Missiles
 b - 86 stones (quivered)
 q - 33 poisoned needles
 t - 24 arrows
Armour
 c - a +0 robe (worn)
 g - a +0 pair of gloves (worn)
 p - a cursed +0 leather armour
Jewellery
 i - a cursed ring of teleportation (left hand)
 o - a cursed -4 ring of dexterity (right hand)
 y - a +2 ring of intelligence
Wands
 j - a wand of flame (26)
Scrolls
 a - 6 scrolls of remove curse {!r}
 e - 2 scrolls of enchant armour {!r, unknown}
 f - 7 scrolls of identify {!r, unknown}
 h - a scroll of blinking {!r, unknown}
 l - a scroll of fog {!r, unknown}
 m - 5 scrolls of teleportation {!r, unknown}
 n - 4 scrolls of immolation {!r, unknown}
 r - a scroll of noise {!r, unknown}
 u - a scroll of amnesia {!r, unknown}
 w - a scroll of random uselessness {!r}
 x - a scroll of holy word {!r, unknown}
Books
 d - a book of Geomancy

   Spells                             Type                      Level
   a - Sandblast                      Earth                        1
   b - Passwall                       Transmutation/Earth          2
   c - Stone Arrow                    Conjuration/Earth            3
   d - Petrify                        Transmutation/Earth          4
   e - Lee's Rapid Deconstruction     Earth                        5
 k - a book of Changes

   Spells                             Type                      Level
   a - Beastly Appendage              Transmutation                1
   b - Sticks to Snakes               Transmutation                2
   c - Spider Form                    Transmutation/Poison         3
   d - Ice Form                       Ice/Transmutation            4
   e - Blade Hands                    Transmutation                5


   Skills:
 - Level 2.0 Short Blades
 - Level 1.5 Dodging
 - Level 2.0 Stealth
 + Level 5.2 Spellcasting
 - Level 0.7 Transmutations
 * Level 5.2 Earth Magic


You had 2 spell levels left.
You knew the following spells:

 Your Spells              Type           Power        Failure   Level  Hunger
a - Sandblast             Erth           ###...       1%          1    N/A
b - Passwall              Tmut/Erth      ##........   7%          2    N/A
c - Sticks to Snakes      Tmut           #.......     17%         2    N/A
d - Lee's Rapid Deconstr  Erth           ###.......   43%         5    N/A
e - Petrify               Tmut/Erth      ##......     41%         4    N/A

Dungeon Overview and Level Annotations

Branches:
Dungeon (6/15)             Temple (0/1) D:4

Altars:
Ashenzari
Dithmenos
Fedhas
Gozag
Hepliaklqana
Makhleb
Qazlal
Vehumet

Shops:
D:4 :

Annotations:
D:4 vishdafish's ghost, novice DsFi
D:5 Sigmund
D:6 Pikel


Innate Abilities, Weirdness & Mutations

You do not eat or drink.
Your flesh is vulnerable to fire.
You are immune to poison.
Your flesh is cold resistant. (rC+)
You are immune to negative energy. (rN+++)
You are immune to unholy pain and torment.
You can survive without breathing.


Message History

There is an escape hatch in the ceiling here.
The ice beast hits you but does no damage.
A mysterious force pulls you upwards. The hatch slams shut behind you.
Level annotation: Sigmund The ice beast hits you.
* * * LOW HITPOINT WARNING * * *
The ice beast freezes you. You resist.
* * * LOW HITPOINT WARNING * * *
Casting: Sticks to Snakes (safe; 17% risk of failure)
Confirm with . or Enter, or press ? or * to list all spells.
You create a snake!
You now have 27 arrows.
You swap places.
The ice beast hits your ball python. The ice beast freezes your ball python.
Your ball python dies!
Casting: Sticks to Snakes (safe; 17% risk of failure)
Confirm with . or Enter, or press ? or * to list all spells.
You create a snake!
You now have 26 arrows.
The ice beast closely misses you.
Press: ? - help, v - describe, . - travel
Here: an ice beast (lightly wounded)
The floor.
Casting: Sticks to Snakes (safe; 17% risk of failure)
Confirm with . or Enter, or press ? or * to list all spells.
You create a snake!
You now have 25 arrows.
The ice beast hits your ball python.
Your ball python dies!
Casting: Sticks to Snakes (safe; 17% risk of failure)
Confirm with . or Enter, or press ? or * to list all spells.
You create a snake!
You now have 24 arrows.
The ice beast closely misses your ball python.
The ice beast barely misses your ball python.
Your ball python withers and dies!
There is a stone staircase leading down here.
You climb downwards.
Level annotation: Pikel A bat, a quokka, a bullfrog, 3 orcs, a centaur, an ogre, a zombie and 2 skeletons come into view.
Ashenzari warns you: The centaur is wielding a rapier and carrying a shortbow of flaming.
The bullfrog croaks.
The centaur shouts!
The ogre shouts!
The orc warrior shouts!
The centaur barely misses you. The centaur skeleton hits you.
* * * LOW HITPOINT WARNING * * *
The centaur barely misses you. The bullfrog hits you.
* * * LOW HITPOINT WARNING * * *
The centaur skeleton hits you.
* * * LOW HITPOINT WARNING * * *
Found 7 curare-tipped needles.
There is a stone staircase leading up here.
Really read
w - 2 scrolls labeled FUYB ELYDOURARGH {!r}?
As you read the scroll labeled FUYB ELYDOURARGH {!r}, it crumbles to dust.
The dust glows brilliant ochre!
It was a scroll of random uselessness {!r}.
The bat hits you but does no damage.
The centaur hits you but does no damage.
The bullfrog closely misses you. The centaur skeleton hits you.
* * * LOW HITPOINT WARNING * * *
The orc priest closely misses you. The centaur closely misses you.
An orc warrior and a crimson imp come into view.
The crimson imp shouts!
The bat closely misses you.
The bullfrog swells and bulges.
The bullfrog hits you.
* * * LOW HITPOINT WARNING * * *
The crimson imp shouts, "Scamper away, thou unmuzzled ignitable deado!"
The crimson imp moves out of view.
The centaur skeleton hits you.
You die...

#..# ##.
#.#### #..#
#.. ..... ...
Z... .. ...#
######.#.o.###
#..........o.
#.....Zoob#
#....OF@r.#
#.....c...#
#.....Z..##
.......(.#
........##
####.#### #.
#.


You could see 2 orc warriors, an ogre, a bullfrog, a centaur, an orc priest, an
orc, a bullfrog zombie, a quokka, a bat and 2 centaur skeletons.

Vanquished Creatures
  A phantom (D:6)
  A bullfrog (D:6)
  A crimson imp (D:5)
  2 hounds
  An orc wizard (D:5)
  A worker ant (D:6)
  A hound skeleton (D:5)
  A worker ant zombie (D:5)
  6 adders
  An ooze (D:1)
  An adder skeleton (D:4)
  An adder zombie (D:5)
  A worm (D:4)
  A dart slug (D:1)
  3 leopard geckos
  7 orcs
  4 giant cockroaches
  3 hobgoblins (D:1)
  16 jackals
  9 kobolds
  4 quokkas
  4 ball pythons
  9 bats
  4 frilled lizards
  6 goblins
  2 quokka skeletons (D:4)
  6 rats
97 creatures vanquished.

Vanquished Creatures (collateral kills)
  2 iguanas (D:5)
2 creatures vanquished.

Grand Total: 99 creatures vanquished

Notes
Turn   | Place    | Note
-------+----------+-------------------------------------------
     0 | D:1      | Amnesiac the Mummy Earth Elementalist began the quest for the Orb.
     0 | D:1      | Reached XP level 1. HP: 13/13 MP: 4/4
   339 | D:1      | Reached XP level 2. HP: 18/19 MP: 3/5
   349 | D:1      | Learned a level 2 spell: Passwall
   457 | D:3      | Found a shattered altar of Ashenzari.
   482 | D:3      | Became a worshipper of Ashenzari the Shackled
   749 | D:3      | Found a shadowy altar of Dithmenos.
   892 | D:3      | Reached XP level 3. HP: 18/24 MP: 2/7
   927 | D:3      | Found a hazy altar of Hepliaklqana.
  1172 | D:3      | Found an opulent altar of Gozag.
  1172 | D:3      | Found a burning altar of Makhleb.
  1598 | D:2      | Found a blossoming altar of Fedhas.
  1606 | D:2      | Reached XP level 4. HP: 24/30 MP: 5/9
  1607 | D:2      | Found a stormy altar of Qazlal.
  2918 | D:2      | Reached * piety under Ashenzari
  3495 | D:4      | Noticed vishdafish's ghost (novice DsFi)
  3505 | D:5      | Entered Level 5 of the Dungeon
  3510 | D:5      | Reached XP level 5. HP: 29/35 MP: 6/11
  3540 | D:5      | Reached skill level 1 in Short Blades
  4055 | D:4      | Found Ixoepouq's Book Shoppe.
  4223 | D:4      | Found a radiant altar of Vehumet.
  4335 | D:4      | Reached XP level 6. HP: 24/41 MP: 10/12
  4339 | D:4      | Learned a level 2 spell: Sticks to Snakes
  4345 | D:4      | Learned a level 5 spell: Lee's Rapid Deconstruction
  5007 | D:5      | Noticed Sigmund
  5014 | D:5      | Learned a level 4 spell: Petrify
  5133 | D:4      | Found a staircase to the Ecumenical Temple.
  5536 | D:5      | Identified the +7 rapier of Risk Management {flame, +Inv}
  5835 | D:6      | Reached skill level 5 in Spellcasting
  5835 | D:6      | Reached skill level 5 in Earth Magic
  5849 | D:6      | Noticed a slave
  5849 | D:6      | Noticed a slave
  5849 | D:6      | Noticed a slave
  5849 | D:6      | Noticed a slave
  5849 | D:6      | Noticed Pikel
  5850 | D:6      | Noticed an ice beast
  6104 | D:6      | Reached XP level 7. HP: 37/46 MP: 12/14
  6506 | D:6      | HP: 1/46 [bullfrog (2)]
  6506 | D:6      | Slain by a centaur skeleton

Vault maps used:
D:1:      dpeg_arrival_stone_temple_mockup, minmay_pentomino_r4
D:2:      minmay_diamond_boxcup, grunt_temple_overflow_forces_of_nature
D:3:      nicolae_ashenzari_panopticon,
          nicolae_dithmenos_through_a_glass_darkly,
          gammafunk_temple_overflow_pools, old_standard_altar
D:4:      black_bear_nest_2, vehumet_altar_wand_db, temple_fountains,
          first_ration, serial_shops, kennysheep_mini_moat,
          kennysheep_generic_room_11
D:5:      grunt_decor_arrowhead, uniq_sigmund
D:6:      serial_shops, nicolae_shop_stone, basic_altar, uniq_pikel,
          uniq_duvessa

Skill      XL: |  1  2  3  4  5  6 |
---------------+-------------------+-----
Spellcasting   | 3 4 5 |  5.2
Earth Magic    | 3 4 5 |  5.2
Stealth        | 2 |  2.0
Short Blades   | 1 2 |  2.0
Dodging        | |  1.5
Transmutations | |  0.7

Action                   |  1- 3 |  4- 6 |  7- 9 || total
-------------------------+-------+-------+-------++-------
Melee: Unarmed           |    58 |       |       ||    58
       Dagger            |    65 |   292 |     4 ||   361
 Cast: Sandblast         |    33 |    57 |    21 ||   111
       Passwall          |     2 |     4 |       ||     6
       Sticks to Snakes  |       |     9 |    10 ||    19
       Petrify           |       |     3 |       ||     3
  Use: Scroll            |       |       |     1 ||     1
 Stab: Sleeping          |     5 |    16 |       ||    21
       Petrified         |       |     7 |       ||     7
Armor: Robe              |    58 |    85 |     5 ||   148
Dodge: Dodged            |   118 |   215 |    16 ||   349

Table legend:
 A = Spawn XP
 B = Non-spawn XP
 C = Spawn XP percentage of total XP
 D = Spawn monster count
 E = Non-spawn monster count
 F = Spawn count percentage of total count
 G = Total turns spent on level
                    A         B        C        D         E        F      G
               +---------+---------+-------+---------+---------+-------+---------
         Total |       0 |     741 |   0.0 |       0 |      99 |   0.0 |  6506
               +---------+---------+-------+---------+---------+-------+---------
           D:1 |       0 |      51 |   0.0 |       0 |      29 |   0.0 |  1488
           D:2 |       0 |      45 |   0.0 |       0 |      13 |   0.0 |  1006
           D:3 |       0 |      67 |   0.0 |       0 |      25 |   0.0 |  1268
           D:4 |       0 |      80 |   0.0 |       0 |      12 |   0.0 |   923
           D:5 |       0 |     244 |   0.0 |       0 |      16 |   0.0 |  1589
           D:6 |       0 |     254 |   0.0 |       0 |       4 |   0.0 |   232
               +---------+---------+-------+---------+---------+-------+---------
